 Dungeon Crawl Stone Soup version 0.29-a0-872-g797fff5ad1 (webtiles) character file.

Game seed: 8290997675152554624

79 LynnLen the Sneak (level 4, -4/25 HPs)
             Began as a Vampire Enchanter on July 19, 2022.
             Slain by Grinder (8 damage)
             ... on level 3 of the Dungeon.
             The game lasted 00:05:37 (2753 turns).

LynnLen the Sneak (Vampire Enchanter)               Turns: 2753, Time: 00:05:37

Health: -4/25      AC:  3    Str:  7    XL:     4   Next: 17%
Magic:  11/16      EV: 12    Int: 17    God:
Gold:   56         SH:  0    Dex: 16    Spells: 3/7 levels left

rFire   . . .      SeeInvis +   a - +3 dagger (elec)
rCold   + + .      Faith    .   (no shield)
rNeg    + + +      Spirit   .   b - +0 robe
rPois   ∞          Reflect  .   (no helmet)
rElec   .          Harm     .   (no cloak)
rCorr   .          Rampage  .   (no gloves)
Will    .....                   e - +0 pair of boots
Stlth   +++++.....              (no amulet)
HPRegen 0.00/turn               d - ring of magical power
MPRegen 0.15/turn               (no ring)

@: bloodless, inhibited regen
A: bloodless, fangs 3, see invisible, vampiric 2
a: Bat Form, Revivify


You were on level 3 of the Dungeon.
You visited 1 branch of the dungeon, and saw 3 of its levels.

You collected 56 gold pieces.

Inventory:

Hand Weapons
 a - a +3 dagger of electrocution (weapon)
Missiles
 h - 3 curare-tipped darts (quivered)
Armour
 b - a +0 robe (worn)
 c - a +0 chain mail
 e - a +0 pair of boots (worn)
Jewellery
 d - a ring of magical power (left hand)
 k - a ring of poison resistance
 m - a ring of ice
Scrolls
 f - a scroll of acquirement
 g - a scroll of brand weapon
 j - 3 scrolls of teleportation
 l - a scroll of fog {unknown}
 n - a scroll of fear {unknown}


   Skills:
 * Level 1.0 Fighting
 * Level 2.7 Short Blades
 + Level 2.5 Dodging
 + Level 6.1 Stealth
 - Level 2.0 Spellcasting
 - Level 4.4 Hexes


You had 3 spell levels left.
You knew the following spells:

 Your Spells              Type           Power      Damage    Failure   Level
a - Slow                  Hex            64%        N/A       3%          1
b - Confusing Touch       Hex            16%        N/A       10%         3

Your spell library contained the following spells:

 Spells                   Type           Power      Damage    Failure   Level
 Tukima's Dance           Hex            16%        N/A       10%         3
 Ensorcelled Hibernation  Hex/Ice        18%        N/A       12%         2
 Dazzling Flash           Conj/Hex       18%        N/A       24%         3


Dungeon Overview and Level Annotations

Branches:
Dungeon (3/15)

Altars:
Gozag
Kikubaaqudgha

Annotations:
D:3 Grinder


Innate Abilities, Weirdness & Mutations

You do not regenerate when monsters are visible.
You are frail without blood (-20% HP).
You can heal yourself when you bite living creatures.
You are immune to poison.
You have razor-sharp teeth.
You have supernaturally acute eyesight. (SInv)
You are afflicted with vampirism and can become a bat while bloodless.


Message History

Grinder drinks a potion.
Grinder is healed!
Grinder seems less confused.
You barely miss Grinder. Grinder hits you but does no damage.
You hit Grinder but do no damage. Your bite misses Grinder.
The hobgoblin hits you. Grinder misses you.
You closely miss Grinder. You closely miss Grinder. Grinder hits you!
The hobgoblin closely misses you.
You hit Grinder.
Grinder is lightly wounded.
Grinder hits you!
* * * LOW HITPOINT WARNING * * *
The hobgoblin hits you.
* * * LOW HITPOINT WARNING * * *
You feel better. Grinder hits you. The hobgoblin misses you.
Casting: Confusing Touch (quite dangerous; 10% risk of failure)
Confirm with . or Enter, or press ? or * to list all spells.
The spell is quite dangerous to miscast (10% risk of failure)!
Continue anyway?
Your hands begin to glow red.
The hobgoblin closely misses you. Grinder hits you but does no damage.
You hit Grinder but do no damage.
Grinder appears confused.
Grinder is lightly wounded.
Grinder hits the bush but does no damage.
The hobgoblin hits you.
You strike the helpless Grinder from behind!
You puncture Grinder!
Grinder is heavily wounded.
The hobgoblin barely misses you. Grinder barely misses you.
You hit Grinder but do no damage.
Grinder is heavily wounded.
Grinder hits you.
* * * LOW HITPOINT WARNING * * *
The hobgoblin barely misses you.
You feel better. The hobgoblin hits you.
* * * LOW HITPOINT WARNING * * *
Grinder hits the hobgoblin but does no damage.
You hit Grinder. Your bite misses Grinder.
Grinder is severely wounded.
The hobgoblin hits you.
* * * LOW HITPOINT WARNING * * *
Grinder hits you!
You die...

.PPPPPPP...###..####.##
..PPPPPPP........## #.
#
..PP........>.....###.
..PP.......†.......#
..PP..PPPP.........#
..PP..P.........)..#
..PP..P._..........#
......P............#
......5@.........>.#
#.....g............#
#####.....##.....#.#
####### ######


You could see Grinder (confused) and a hobgoblin.

Vanquished Creatures
  Natasha (D:3)
  A worm (D:2)
  An orc (D:3)
  6 bats
  7 endoplasms
  A giant cockroach (D:3)
  6 goblins
  7 hobgoblins
  3 jackals (D:2)
  A quokka (D:1)
  A ball python (D:3)
  3 frilled lizards
  4 kobolds
  7 rats
49 creatures vanquished.

Notes
Turn   | Place    | Note
-------+----------+-------------------------------------------
     0 | D:1      | LynnLen the Vampire Enchanter began the quest for the Orb.
     0 | D:1      | Reached XP level 1. HP: 13/13 MP: 3/3
   304 | D:1      | Found a faded altar of an unknown god.
   336 | D:1      | Got Plato's Codex of Spellbinding
   834 | D:1      | Reached XP level 2. HP: 16/16 MP: 5/5
   957 | D:1      | Reached skill level 5 in Stealth
  1718 | D:2      | Gained mutation: You are afflicted with vampirism and can
                  | become a bat while bloodless. [Vampire growth]
  1718 | D:2      | Reached XP level 3. HP: 15/20 MP: 6/6
  1800 | D:2      | Learned a level 1 spell: Slow
  1804 | D:2      | Learned a level 3 spell: Confusing Touch
  1906 | D:2      | Identified a scroll of acquirement
  2619 | D:3      | Noticed Natasha
  2625 | D:3      | Killed Natasha
  2626 | D:3      | Reached skill level 1 in Fighting
  2626 | D:3      | Reached skill level 6 in Stealth
  2626 | D:3      | Reached XP level 4. HP: 22/25 MP: 7/7
  2685 | D:3      | Found an ancient bone altar of Kikubaaqudgha.
  2729 | D:3      | Found an opulent altar of Gozag.
  2731 | D:3      | Noticed Grinder
  2753 | D:3      | Slain by Grinder

Illustrated notes

Levels and vault maps discovered:
D:1:      tarquinn_simple_flora_water_b, layout_loops_ring,
          shapermc_ecumenical_altar_rom_forum, minmay_3d_cube
D:2:      layout_loops_ring
D:3:      layout_rooms, lemuel_tele_altar, mainiacjoe_overflow_chevrons,
          marbit_many_paths, uniq_grinder, uniq_natasha

Skill      XL: |  1  2  3 |
---------------+----------+-----
Stealth        | 5 6 |  6.1
Short Blades   | 2 |  2.7
Fighting       | 1 |  1.0
Dodging        | |  2.5
Spellcasting   | |  2.0
Hexes          | |  4.4

Action                   |  1- 3 |  4- 6 || total
-------------------------+-------+-------++-------
Melee: Dagger            |   107 |    15 ||   122
       Bite              |     4 |     1 ||     5
       Punch             |     1 |       ||     1
Throw: Dart              |     1 |       ||     1
 Cast: Confusing Touch   |       |     2 ||     2
 Abil: Exsanguinate      |     1 |       ||     1
  Use: Potion            |     2 |     2 ||     4
       Scroll            |     8 |       ||     8
 Stab: Sleeping          |    23 |     3 ||    26
       Confused          |       |     1 ||     1
Armor: Robe              |    16 |     3 ||    19
Dodge: Dodged            |    56 |     8 ||    64

Table legend: (Time is in decaauts)
 A = Elapsed time spent in this place.
 B = Non-inter-level travel time spent in this place.
 C = Inter-level travel time spent in this place.
 D = Time resting spent in this place.
 E = Time spent auto-exploring this place.
 F = Levels seen in this place.
 G = Mean time per level.
                   A        B        C        D        E       F      G
               +--------+--------+--------+--------+--------+-----+--------+
         Total |   2740 |   2740 |      0 |    209 |   1893 |   3 |  913.3 |
       Dungeon |   2740 |   2740 |      0 |    209 |   1893 |   3 |  913.3 |
               +--------+--------+--------+--------+--------+-----+--------+

Top non-repeatable levels by time:
     D:1: 1559 daAuts
     D:2: 905 daAuts
     D:3: 275 daAuts
